 Dungeon Crawl Stone Soup version 0.31-a0-981-geadf994542 (webtiles) character file.

Game seed: 10654459722853495829

417 Malachi the Ruffian (level 7, -6/50 HPs)
             Began as a Djinni Shapeshifter on Oct 31, 2023.
             Splashed by a jelly's acid (9 damage)
             ... on level 3 of the Dungeon.
             The game lasted 00:04:16 (3659 turns).

Malachi the Ruffian (Djinni Shapeshifter)           Turns: 3659, Time: 00:04:17

Health: -6/50      AC:  2    Str: 15    XL:     7   Next: 15%
Gold:   75         EV: 10    Int: 11    God:
                   SH:  0    Dex: 13

rFire   + +          .
                       - Unarmed
rCold   x . .        (no shield)
rNeg    . . .        m - +0 scale mail
rPois   ∞            (helmet currently unavailable)
rElec   .            (cloak currently unavailable)
rCorr   .            (gloves currently unavailable)
SInv    .            (boots unavailable)
Will    .....        (no amulet) Stlth
                     (no ring)
HPRegen 0.28/turn    (no ring)
MPRegen 0.00/turn

%: infuse magic (-7 HP)
@: beast-form, corroded, flying
A: beast (slay +2), flying, sickness immunity, fire resistance 2, cold
vulnerability 1, float, innate caster, HP casting, extra vitality 1
a: Begin Untransformation


You were on level 3 of the Dungeon.
You were a hulking beast.
You visited 1 branch of the dungeon, and saw 4 of its levels.
You also visited: Sewer.

You collected 106 gold pieces.
You spent 31 gold pieces at shops.

Inventory:

Missiles
 o - a curare-tipped dart
Armour
 i - the scarf of Red Creativity {shadows, Stlth+}
   (You acquired it on level 3 of the Dungeon)

   Stlth+:    It makes you more stealthy.
 m - a +0 scale mail (worn)
Talismans
 c - a beast talisman
 d - a flux talisman
Wands
 k - a wand of digging (2)
Scrolls
 a - a scroll of fog
 e - 5 scrolls of identify
 f - a scroll of amnesia
 h - 4 scrolls of teleportation
 l - a scroll of vulnerability {unknown}
 n - 2 scrolls of blinking {unknown}
 p - a scroll of brand weapon {unknown}
 q - a scroll of enchant armour {unknown}
Potions
 b - a potion of lignification
 g - 3 potions of curing {unknown}
 j - a potion of might {unknown}
 r - a potion of invisibility {unknown}
 s - 2 potions of heal wounds {unknown}


   Skills:
 + Level 3.4 Fighting
 + Level 4.3 Dodging
 + Level 4.5 Unarmed Combat
 + Level 3.9 Shapeshifting


You knew the following spells:

 Your Spells              Type           Power      Damage    Failure   Level
a - Apportation           Tloc           0%         N/A       83%         1
b - Momentum Strike       Conj/Tloc      0%         3d8       92%         2
c - Wereblood             Tmut           0%         N/A       92%         2
Your spell library was empty.

Dungeon Overview and Level Annotations

Branches:
Dungeon (4/15)              Sewer (visited)
 Temple: D:4-7

Altars:

Shops:
D:1 *   D:3 *


Innate Abilities, Weirdness & Mutations

You are a hulking beast.
Your limbs bulge with bestial killing power. (Slay +2)
You are flying.
You are immune to sickness and miasma.
You are immune to poison.
Your flesh is very heat resistant. (rF++)
You are vulnerable to cold. (rC-)
You float through the air rather than walking.
You learn spells naturally, not from books.
Your magical power is your life essence.
You have superior vitality. (+4 MHP)


Message History

Okay, then.
Ijyb hits you but does no damage.
You hit Ijyb.
Ijyb is severely wounded.
Ijyb closely misses you.
You hit Ijyb but do no damage. Your punch misses Ijyb.
Ijyb is severely wounded.
Ijyb hits you with a +0 dagger.
You hit Ijyb but do no damage. You punch Ijyb, but do no damage.
Ijyb is severely wounded.
Ijyb hits you with a +0 dagger.
You hit Ijyb.
Ijyb is almost dead.
You barely miss Ijyb.
Ijyb is almost dead.
Ijyb hits you but does no damage.
You hit Ijyb but do no damage.
Ijyb is almost dead.
Ijyb zaps a wand.
You suddenly lose the ability to move!
Ijyb hits you but does no damage.
Ijyb zaps a wand.
You easily resist.
Ijyb hits you but does no damage.
You can move again.
You punch Ijyb!
You kill Ijyb!
You hit the jelly. The acid corrodes you!
Your hands burn!
* * * LOW HITPOINT WARNING * * *
The jelly is lightly wounded.
The jelly completely misses you.
You hit the jelly.
Your hands burn!
* * * LOW HITPOINT WARNING * * *
The jelly is moderately wounded.
The jelly hits you.
* * * LOW HITPOINT WARNING * * *
The acid corrodes you!
You are splashed with acid.
* * * LOW HITPOINT WARNING * * *
The jelly attacks as it pursues you! The jelly hits you.
* * * LOW HITPOINT WARNING * * *
You are splashed with acid!
You die...

#..#.# #.#
#..#.###.#
#.>#.....#
#........#
##w###...# #g#
#...# #.#
##.###########
#J#
#............
##h##
#.###########
##...###.#
##.....##.#
#.......#.#
#.........#
#.......#.#
##........#
#....###.######
#.#### #......#


You could see a worm, a jelly and a goblin.

Vanquished Creatures
  2 kobold brigands (Sewer)
  An orc priest (D:3)
  Ijyb (D:3)
  2 orc wizards (D:3)
  8 adders
  A river rat (D:3)
  A worm (D:3)
  3 dart slugs
  7 orcs (D:3)
  6 ball pythons
  5 bats
  3 endoplasms
  3 giant cockroaches
  6 goblins
  6 hobgoblins
  4 jackals
  A quokka (D:2)
  4 frilled lizards
  4 kobolds
  15 rats
83 creatures vanquished.

Notes
Turn   | Place    | Note
-------+----------+-------------------------------------------
     0 | D:1      | Malachi the Djinni Shapeshifter began the quest for the
                  | Orb.
     0 | D:1      | Reached XP level 1. HP: 17/17 MP: 0/0
   117 | D:1      | Found Qoeske's General Store.
   165 | D:1      | Reached XP level 2. HP: 22/22 MP: 0/0
  1216 | D:2      | Reached XP level 3. HP: 14/27 MP: 0/0
  1216 | D:2      | Learned a level 1 spell: Apportation
  1994 | D:3      | Reached XP level 4. HP: 29/33 MP: 0/0
  2007 | D:3      | Reached XP level 5. HP: 7/38 MP: 0/0
  2007 | D:3      | Learned a level 2 spell: Momentum Strike
  2139 | D:3      | Found a glowing drain.
  2155 | Sewer    | Entered a sewer
  2255 | Sewer    | Noticed a kobold brigand
  2278 | Sewer    | Killed a kobold brigand
  2279 | Sewer    | Reached XP level 6. HP: 30/45 MP: 0/0
  2971 | D:3      | Reached XP level 7. HP: 8/50 MP: 0/0
  2971 | D:3      | Learned a level 2 spell: Wereblood
  3348 | D:3      | Found Gevuon's Assorted Antiques.
  3362 | D:3      | Bought a scroll labelled SIEGGU IHOMIPT for 31 gold pieces
  3366 | D:3      | Identified a scroll of acquirement
  3366 | D:3      | Acquired the scarf of Red Creativity {shadows, Stlth+}
  3617 | D:4      | Noticed Ijyb
  3630 | D:4      | Paralysed by Ijyb for 5 turns
  3639 | D:3      | Paralysed by Ijyb for 2 turns
  3650 | D:3      | Paralysed by Ijyb for 3 turns
  3654 | D:3      | Killed Ijyb
  3659 | D:3      | Splashed by a jelly's acid

Illustrated notes

Levels and vault maps discovered:
D:1:      eino_arrival_cavern_d, layout_basic, serial_shops, shop,
          nicolae_concentric_dashed_squares_mild
D:2:      layout_loops_cross, feat_on_display
D:3:      layout_loops_ring, vehumet_crystals, serial_shops, shop,
          portal_sewer_entry_b
D:4:      layout_basic, good_gods_temple_1, mainiacjoe_overflow_cross_hatched,
          nicolae_dithmenos_shadow_blocks, serial_shops,
          nicolae_shop_real_fake_doors, uniq_ijyb

Skill      XL: |  1  2  3  4  5  6 |
---------------+-------------------+-----
Shapeshifting  | 3 |  3.9
Fighting       | 2 3 |  3.4
Dodging        | 3 4 |  4.3
Unarmed Combat | 4 |  4.5

Action                     |  1- 3 |  4- 6 |  7- 9 || total
---------------------------+-------+-------+-------++-------
  Melee: Unarmed           |    82 |   162 |    31 ||   275
         Punch             |     3 |     5 |     2 ||    10
    Use: Scroll            |       |       |     5 ||     5
   Stab: Sleeping          |     1 |       |       ||     1
 Armour: Animal skin       |    38 |       |       ||    38
         Scale mail        |    13 |   102 |    39 ||   154
  Dodge: Dodged            |    38 |    59 |    18 ||   115

Table legend: (Time is in decaauts)
 A = Elapsed time spent in this place.
 B = Non-inter-level travel time spent in this place.
 C = Inter-level travel time spent in this place.
 D = Time resting spent in this place.
 E = Time spent auto-exploring this place.
 F = Levels seen in this place.
 G = Mean time per level.
                   A        B        C        D        E       F      G
               +--------+--------+--------+--------+--------+-----+--------+
         Total |   3639 |   3562 |     77 |    467 |   2545 |   5 |  727.8 |
       Dungeon |   2997 |   2920 |     77 |    467 |   2043 |   4 |  749.2 |
         Sewer |    642 |    642 |      0 |      0 |    502 |   1 |  642.0 |
               +--------+--------+--------+--------+--------+-----+--------+

Top non-repeatable levels by time:
     D:1: 1199 daAuts
     D:3: 1001 daAuts
     D:2: 776 daAuts
   Sewer: 642 daAuts
     D:4: 19 daAuts
